Match 41617504
Unlisted

Match 41617504
End
Construct Weapon Support Center
Selects Airborne Battlegroup
Selects Heavy Machine Gun Paradrop
Selects Smoke Bombing Run
Heavy Machine Gun Paradrop
Bazooka Squad
Heavy Machine Gun Paradrop
Engineer Squad
Air Support Center
P-47 Dive Bomb
Selects Paratrooper Squad Paradrop
Paratrooper Squad Paradrop
P-47 Strafing Run
P-47 Strafing Run
Heavy Machine Gun Paradrop
Sponge Bob
BloodSpark
bl4ckjack
CalmSassarShow
[14e]tuveuxdugateaux
water
ENIGMA
AlexTheLie
0
0

Comments sign in to comment!

No comments posted yet!